 Dungeon Crawl Stone Soup version 0.9.0-27-g8a39726 character file.

121035 mictlantecuhtle the Acrobat (level 16, -4/118 HPs)
             Began as a Spriggan Assassin on Sept 28, 2011.
             Was a High Priest of Trog.
             Slain by a large slime creature (31 damage)
             ... on Level 2 of the Vaults.
             The game lasted 04:25:39 (49152 turns).

mictlantecuhtle the Acrobat (Spriggan Assassin)    Turns: 49152, Time: 04:25:39

HP  -4/118       AC 11     Str 15      XL: 16   Next: 68%
MP   0/26        EV 40     Int 15      God: Trog [*****.]
Gold 1494        SH  0     Dex 20      Spells:  0 memorised, 17 levels left

Res.Fire  : . . .   See Invis. : +   a - +6,+8 dagger (stab)
Res.Cold  : x . .   Warding    : . . k - +4 mottled dragon armour
Life Prot.: . . .   Conserve   : .   (shield restricted)
Res.Acid. : . . .   Res.Corr.  : .   (helmet restricted)
Res.Poison: .       Clarity    : .   B - +1 cloak "Qapaer" {rElec}
Res.Elec. : +       Spirit.Shd : +   (gloves unavailable)
Sust.Abil.: . .     Stasis     : .   (boots unavailable)
Res.Mut.  : .       Ctrl.Telep.: .   x - amulet of guardian spirit
Res.Rott. : .       Levitation : .   r - ring of Lesser Demons {unknown, +Lev rC-}
Saprovore : . . .   Ctrl.Flight: .   f - +3 ring of evasion

@: berserking, very quick, very resistant to hostile enchantments, extremely
unstealthy
A: unfitting armour, see invisible, herbivore 3, speed 3, slow metabolism 3, Int
+1
a: Burn Spellbooks, Berserk, Trog's Hand, Brothers in Arms, Renounce Religion,
Evoke Levitation


You were on level 2 of the Vaults.
You worshipped Trog.
Trog was extremely pleased with you.
You were full.

You visited 8 branches of the dungeon, and saw 37 of its levels.
You visited 1 Labyrinth.

You collected 3046 gold pieces.
You spent 1602 gold pieces at shops.

Inventory:

Hand weapons
 a - a +6,+8 dagger of stabbing (weapon)
 b - a +0 blowgun
 I - a +3,+2 elven anti-magic sabre {god gift}
Missiles
 n - 3 curare-tipped +2 needles {god gift}
 o - 21 poisoned +2 needles
 A - 49 poisoned +0 needles
 F - 2 +0 needles of sleeping {god gift}
 G - 12 curare-tipped +0 needles
 H - 11 +2 darts of dispersal (quivered) {god gift}
 J - 4 +3 needles of frenzy {god gift}
 R - 2 silver +0 darts {god gift}
Armour
 k - a +4 mottled dragon armour (worn)
 B - the +1 cloak "Qapaer" (worn) {rElec}
   (You found it on level 11 of the Dungeon)

   It insulates you from electricity.
Magical devices
 d - a wand of healing (0)
 h - a wand of flame (8)
 i - a wand of fire (7)
 l - a wand of cold (10)
 p - a wand of draining (0)
 s - a wand of frost (8)
 t - a wand of frost (5)
 z - a wand of polymorph other (8)
 L - a wand of lightning (10)
 O - a wand of flame (11)
Comestibles
 C - 3 royal jellies
 Q - 23 honeycombs
Scrolls
 c - a scroll of detect curse
 v - a scroll of identify
 y - 3 scrolls of remove curse
 M - a scroll of recharging
Jewellery
 f - a +3 ring of evasion (left hand)
 g - an uncursed ring of teleport control {unknown}
 j - a +3 ring of intelligence {unknown}
 m - a +0,+6 ring of slaying {unknown}
 r - the ring of Lesser Demons (right hand) {unknown, +Lev rC-}
   (You found it in a Labyrinth)

   [ring of levitation]

   It makes you vulnerable to cold.
 u - a +3 ring of protection
 x - an amulet of guardian spirit (around neck)


   Skills:
 + Level 8 Fighting
 + Level 15 Short Blades
 - Level 10 Throwing
 + Level 3 Armour
 + Level 24 Dodging
 + Level 15 Stealth
 + Level 20 Stabbing
 + Level 5 Traps & Doors
 - Level 1 Spellcasting
 - Level 1 Evocations


You had 17 spell levels left.
You didn't know any spells.

Dungeon Overview and Level Annotations

Branches:
Dungeon (20/27)            Temple (1/1) D:4             Orc (2/4) D:8
   Lair (8/8) D:12          Swamp (1/5) Lair:5       Shoals (1/5) Lair:4
  Slime (0/6) Lair:6         Hive (2/2) D:12          Vault (2/8) D:19
  Crypt: Vault:2-4

Altars:
Ashenzari
Cheibriados
Elyvilon
Fedhas
Kikubaaqudgha
Makhleb
Nemelex Xobeh
Okawaru
Sif Muna
The Shining One
Trog
Vehumet
Xom
Yredelemnul
Zin

Shops:
D:18: ? D:19: (

Annotations
D:9 exclusion: ice statue
D:11 1 exclusion
D:16 exclusion: Roxanne


Innate Abilities, Weirdness & Mutations

You are tiny and cannot use many weapons and most armour.
You have supernaturally acute eyesight.
You are a herbivore.
You cover ground extremely quickly.
You need consume almost no food.
Your mind is acute (Int +1).


Message History

You hit the cyclops.
The cyclops is heavily wounded.
The cyclops hits you!
* * * LOW HITPOINT WARNING * * *
You puncture the cyclops!
The cyclops is almost dead.
The large slime creature completely misses you.
You slice the cyclops!!
You kill the cyclops!
Trog accepts your kill.
Your Dodging skill increases to level 24!
You slash the large slime creature!
The large slime creature is lightly wounded.
You slash the large slime creature!
The large slime creature is moderately wounded.
The large slime creature completely misses you.
You puncture the large slime creature!
The large slime creature is moderately wounded.
The large slime creature hits you!
You die...

..# #.. ..#
#..... .D#
#...... .J#
#......# ..#
#JJ....# ..#
#......# ..#
#......#
..######J%....#
..!..((J@.....#
#'#+######....#
.........# ...#
.........# ..#
.........# .#
.).......# #
)........#
##########
.......


You could see 2 large slime creatures and 2 slime creatures.

Vanquished Creatures
  A stone giant (D:14)
  Jozef (D:12)
  A dragon (shapeshifter) (Vault:2)
  A dragon (D:18)
  A great orb of eyes (D:18)
  Josephine (D:13)
  A yaktaur captain (D:20)
  Harold (Lair:3)
  5 hydras
  2 ogre magi
  A rakshasa (D:19)
  7 death yaks (Lair:7)
  5 centaur warriors
  A fire giant skeleton (Vault:2)
  5 stone giant skeletons
  A human (D:8)
  3 unseen horrors
  A large large abomination (D:13)
  2 flayed ghosts
  12 hill giants
  3 giant amoebae
  A harpy (Shoals:1)
  An orc knight (D:18)
  Joseph (D:11)
  A spiny worm (Vault:1)
  2 wizards
  A griffon (Lair:8)
  A hydra zombie (D:15)
  2 weapon mimics
  A hydra skeleton (Vault:1)
  A stone golem (D:15)
  2 red wasp zombies (D:19)
  3 elephant slugs
  A harpy skeleton (D:20)
  5 cyclopes
  2 wolf spiders
  A yaktaur (shapeshifter) (D:19)
  3 black mambas
  A yaktaur (Lair:8)
  35 slime creatures
  A trapdoor spider (D:13)
  3 rock trolls
  An ettin skeleton (Vault:2)
  6 spiny frogs
  A queen ant (Lair:2)
  Psyche (D:12)
  8 elephants
  An elf (shapeshifter) (D:17)
  5 komodo dragons
  A smoke demon (D:19)
  16 ugly things
  A hill giant skeleton (D:17)
  2 agate snail zombies
  2 queen bees
  Sonja (D:12)
  7 trolls
  A spriggan (Lair:6)
  A fire crab (Vault:1)
  A polar bear (shapeshifter) (D:18)
  A polar bear (Lair:8)
  10 blink frogs
  3 two-headed ogres
  3 basilisks
  3 redback zombies (D:19)
  3 rock troll skeletons
  16 giant toads
  2 hungry ghosts
  4 wyverns
  A blink frog zombie (D:13)
  3 vampires
  Eustachio (D:8)
  38 yaks
  6 fire crab zombies (D:19)
  4 wood golems (D:15)
  A rock worm (D:20)
  11 wraiths
  2 manticores (D:15)
  5 war dogs (Lair:3)
  Edmund (D:5)
  10 vampire mosquitoes
  5 hippogriffs
  6 necrophages (D:19)
  3 deep elf fighters
  7 soldier ants (Lair:2)
  A kobold demonologist (D:19)
  4 mottled dragons
  2 cyclops zombies
  A swamp worm (Swamp:1)
  A freezing wraith (Vault:1)
  A small abomination (D:13)
  6 giant goldfish
  11 centaurs
  A black bear (Lair:1)
  A bumblebee zombie (D:19)
  10 ogres
  2 swamp drakes (Swamp:1)
  A cyclops skeleton (D:17)
  7 ice beasts
  3 yellow wasps
  5 orc warriors
  A sky beast (D:15)
  4 orange rats (D:19)
  2 boulder beetle zombies
  Sigmund (D:6)
  A yak skeleton (D:13)
  13 giant frogs
  13 crocodiles
  17 water moccasins
  6 giant slugs
  2 big kobolds
  3 soldier ant zombies
  9 agate snails
  Blork the orc (D:8)
  A basilisk zombie (D:19)
  A killer bee zombie (D:11)
  96 killer bees
  2 boulder beetles
  4 electric eels
  14 wights
  3 jellyfish
  4 lava fish (D:19)
  A vampire bat (D:3)
  A brain worm zombie (D:19)
  5 imps
  3 goliath beetles
  5 big kobold skeletons
  4 big kobold zombies
  A boulder beetle simulacrum (Vault:1)
  2 shadows
  5 big fish
  13 hounds
  2 hound zombies
  5 iguanas
  6 scorpions
  3 orc priests
  6 porcupines
  34 worker ants
  A deep elf soldier (D:13)
  5 orc wizards
  19 sheep
  A boggart (D:20)
  17 jellies
  A mummy (D:12)
  8 gnolls
  20 snakes
  56 green rats
  A scorpion zombie (D:8)
  5 giant centipedes
  A giant mite (Lair:4)
  A shadow imp (D:8)
  3 snake skeletons
  3 worms
  An ufetubus (D:8)
  7 grey rats
  A spectral bat (D:3)
  3 bat skeletons (D:3)
  2 bat zombies
  5 giant eyeballs
  10 giant geckos
  5 oozes
  62 orcs
  47 bats
  3 fire bats (D:3)
  10 giant cockroaches
  24 goblins
  11 hobgoblins
  16 jackals
  18 quokkas
  2 small snakes
  A bat simulacrum (D:3)
  7 giant newts
  A giant spore (D:11)
  17 illusory rakshasas (D:19)
  24 killer bee larvae
  26 kobolds
  A kobold zombie (D:8)
  4 orc skeletons
  2 orc zombies
  33 rats
  5 ballistomycetes (D:14)
  A butterfly (D:4)
  11 fungi
  3 plants (Lair:8)
  10 toadstools
1196 creatures vanquished.

Vanquished Creatures (collateral kills)
  A minotaur (Lab)
  3 hydras
  7 death yaks
  4 large large abominations (D:13)
  An iron troll zombie (Vault:2)
  3 harpies (Lair:4)
  2 blink frogs (Lair:4)
  A griffon (Lair:6)
  A fire crab (shapeshifter) (D:18)
  5 elephants (Lair:6)
  A spiny frog (Lair:7)
  7 ugly things
  A mermaid (shapeshifter) (D:18)
  A troll (D:17)
  3 two-headed ogres (D:20)
  A hippogriff (shapeshifter) (D:20)
  7 vampire mosquitoes (Lair:5)
  A necrophage (D:18)
  An orc warrior (Orc:1)
  2 ogres (D:20)
  2 centaurs (Vault:2)
  A giant slug (Lair:7)
  6 small abominations (D:13)
  4 orc priests
  An iguana (Lair:6)
  3 deep elf soldiers (D:18)
  3 orc wizards (Orc:1)
  8 orcs
  9 illusory rakshasas (D:19)
  A jackal (Lair:7)
91 creatures vanquished.

Vanquished Creatures (others)
  A centaur warrior (Vault:2)
  3 death yaks
  An unseen horror (Vault:1)
  A troll (Lair:7)
  A griffon (Lair:7)
  12 slime creatures
  A two-headed ogre (D:19)
  2 yaks
  A small abomination (D:17)
  A black bear (D:8)
  4 centaurs
  4 ogres
  A giant frog (D:11)
  A killer bee (Hive:2)
  An orc wizard (Orc:1)
  A gnoll (D:9)
  2 green rats (Lair:8)
  3 snakes
  A spectral bat (D:3)
  3 orcs
  A hobgoblin (D:11)
  2 jackals (Lair:1)
  A quokka (Lair:6)
  A giant newt (D:14)
  6 giant spores
  3 kobolds (D:19)
  4 rats
  A ballistomycete (D:11)
  7 fungi
  A plant (Hive:2)
  15 toadstools
87 creatures vanquished.

Grand Total: 1374 creatures vanquished

Notes
Turn   | Place    | Note
--------------------------------------------------------------
     0 | D:1      | mictlantecuhtle, the Spriggan Assassin, began the quest for the Orb.
     0 | D:1      | Reached XP level 1. HP: 10/10 MP: 1/1
   478 | D:1      | Reached XP level 2. HP: 14/14 MP: 3/3
   927 | D:1      | Reached skill level 1 in Traps & Doors
  1154 | D:2      | Reached XP level 3. HP: 18/18 MP: 5/5
  1386 | D:2      | Reached skill level 6 in Stealth
  2181 | D:3      | Reached XP level 4. HP: 23/23 MP: 7/7
  2196 | D:3      | Reached skill level 5 in Stabbing
  2674 | D:3      | Reached skill level 1 in Spellcasting
  2674 | D:3      | Reached XP level 5. HP: 24/26 MP: 8/10
  2797 | D:3      | Noticed an ice bat
  2801 | D:3      | Defeated an ice bat
  3477 | D:3      | Reached XP level 6. HP: 27/27 MP: 12/12
  3776 | D:4      | Reached skill level 5 in Dodging
  4078 | D:4      | Paralysed by a giant eyeball for 4 turns
  4195 | D:4      | Found a staircase to the Ecumenical Temple.
  4205 | Temple   | Entered the Ecumenical Temple
  4425 | Temple   | Became a worshipper of Trog the Wrathful
  4469 | D:4      | Noticed ApsychicRat's ghost (average MDFi)
  4567 | D:5      | Entered Level 5 of the Dungeon
  4570 | D:5      | Noticed Edmund
  4575 | D:5      | Defeated Edmund
  4575 | D:5      | Reached XP level 7. HP: 25/31 MP: 14/14
  4777 | D:5      | Reached skill level 5 in Throwing
  5222 | D:5      | Found a bloodstained altar of Trog.
  5424 | D:6      | Acquired Trog's first power
  5451 | D:6      | Reached skill level 7 in Stealth
  5885 | D:6      | Reached skill level 1 in Evocations
  6272 | D:6      | Noticed Sigmund
  6336 | D:6      | Defeated Sigmund
  6594 | D:7      | Reached XP level 8. HP: 39/39 MP: 17/17
  6674 | D:8      | Noticed Duvessa
  6732 | D:8      | Noticed Dowan
  7153 | D:8      | Acquired Trog's second power
  7327 | D:8      | Noticed Eustachio
  8100 | D:8      | Reached skill level 8 in Stealth
  8100 | D:8      | Reached XP level 9. HP: 42/42 MP: 18/18
  8176 | D:8      | Noticed Blork the orc
  8202 | D:8      | Defeated Blork the orc
  9118 | D:8      | Defeated Eustachio
  9538 | D:8      | Found a staircase to the Orcish Mines.
  9937 | D:10     | Entered Level 10 of the Dungeon
 10235 | D:10     | Reached skill level 9 in Dodging
 10532 | D:10     | Reached skill level 5 in Short Blades
 11254 | D:11     | Noticed Joseph
 11262 | D:11     | Defeated Joseph
 11411 | D:11     | Reached skill level 10 in Dodging
 11460 | D:11     | Reached XP level 10. HP: 47/47 MP: 19/19
 11918 | D:11     | Got a bloodstained cloak
 11919 | D:11     | Identified the +1 cloak "Qapaer" (You found it on level 11 of the Dungeon)
 12489 | D:11     | Reached skill level 11 in Dodging
 12489 | D:11     | Reached skill level 10 in Stabbing
 12955 | D:12     | Acquired Trog's third power
 13313 | D:12     | Found a staircase to the Lair.
 13902 | Orc:1    | Entered Level 1 of the Orcish Mines
 14444 | D:8      | Reached skill level 12 in Dodging
 14830 | Orc:1    | You fall through a shaft!
 15126 | Orc:1    | Received a gift from Trog
 15972 | Lair:1   | Entered Level 1 of the Lair of Beasts
 16149 | Lair:2   | Found a radiant altar of Vehumet.
 16783 | Lair:2   | Received a gift from Trog
 16867 | Lair:2   | Reached XP level 11. HP: 51/51 MP: 20/20
 17092 | Lair:2   | Received a gift from Trog
 17092 | Lair:2   | Reached skill level 13 in Dodging
 17094 | Lair:2   | Reached skill level 10 in Stealth
 17420 | Lair:2   | Received a gift from Trog
 17641 | Lair:2   | Received a gift from Trog
 17909 | Lair:1   | Reached skill level 14 in Dodging
 17980 | Lair:1   | Received a gift from Trog
 18115 | Lair:1   | Received a gift from Trog
 18710 | Lair:1   | Received a gift from Trog
 19664 | Lair:3   | Noticed Harold
 19687 | Lair:3   | Defeated Harold
 19687 | Lair:3   | Reached skill level 15 in Dodging
 19718 | Lair:3   | Received a gift from Trog
 19772 | Lair:3   | Reached XP level 12. HP: 57/57 MP: 22/22
 20075 | Lair:3   | Reached skill level 5 in Fighting
 20679 | Lair:4   | Found a staircase to the Shoals.
 20712 | Lair:4   | Received a gift from Trog
 20747 | Lair:4   | Reached skill level 16 in Dodging
 22352 | Lair:5   | Received a gift from Trog
 22475 | Lair:5   | Found a staircase to the Swamp.
 22501 | Lair:5   | Reached skill level 17 in Dodging
 22685 | Lair:5   | Found a blossoming altar of Fedhas.
 23063 | Lair:5   | Reached skill level 15 in Stabbing
 23288 | Lair:5   | Reached skill level 10 in Short Blades
 23730 | Lair:6   | Received a gift from Trog
 23852 | Lair:6   | Received a gift from Trog
 24193 | Lair:6   | Found a staircase to the Slime Pits.
 24296 | Lair:6   | Received a gift from Trog
 24330 | Lair:6   | Reached XP level 13. HP: 55/63 MP: 0/23
 25002 | Lair:7   | Reached skill level 18 in Dodging
 25209 | Lair:7   | Received a gift from Trog
 26194 | Lair:7   | Received a gift from Trog
 26575 | Lair:8   | Entered Level 8 of the Lair of Beasts
 26655 | Lair:8   | Reached skill level 10 in Throwing
 27376 | Lair:8   | Reached skill level 19 in Dodging
 28940 | Lair:8   | Gained mutation: Your muscles are flexible, but weak (Str -1, Dex +1).
 28940 | Lair:8   | Gained mutation: You passively map a small area around you.
 28940 | Lair:8   | Gained mutation: Your magical capacity is low (-10% MP).
 29126 | Swamp:1  | Entered Level 1 of the Swamp
 29153 | Swamp:1  | Received a gift from Trog
 29380 | Shoals:1 | Entered Level 1 of the Shoals
 29382 | Shoals:1 | Found a bloodstained altar of Trog.
 29459 | Lair:4   | Reached XP level 14. HP: 34/67 MP: 2/21
 29941 | D:12     | Noticed Psyche
 29948 | D:12     | Defeated Psyche
 29948 | D:12     | Received a gift from Trog
 30046 | D:12     | Noticed Sonja
 30074 | D:12     | Defeated Sonja
 30524 | D:12     | Noticed Jozef
 30554 | D:12     | Defeated Jozef
 30751 | D:12     | Paralysed by a giant eyeball for 3 turns
 30782 | D:12     | Reached skill level 20 in Dodging
 30784 | D:12     | Paralysed by a giant eyeball for 4 turns
 31061 | D:12     | Found a staircase to the Hive.
 31066 | Hive:1   | Entered Level 1 of the Hive
 31131 | Hive:2   | Entered Level 2 of the Hive
 31305 | Hive:2   | Received a gift from Trog
 31454 | Hive:2   | Received a gift from Trog
 31939 | Hive:2   | Received a gift from Trog
 32230 | D:13     | Noticed Josephine
 32352 | D:13     | Defeated Josephine
 32729 | D:13     | Received a gift from Trog
 33142 | D:13     | Reached skill level 21 in Dodging
 33905 | D:13     | Received a gift from Trog
 34396 | D:14     | Noticed a stone giant
 34456 | D:14     | Defeated a stone giant
 35513 | D:15     | Entered Level 15 of the Dungeon
 35566 | D:15     | Found a labyrinth entrance.
 35586 | Lab      | Entered a Labyrinth
 36960 | Lab      | Reached XP level 15. HP: 68/73 MP: 0/22
 36971 | Lab      | Got a shimmering iron ring
 36972 | Lab      | Got a jewelled bronze crown
 36975 | Lab      | Identified the +3 crown of Dyrovepreva (You found it in a Labyrinth)
 38077 | D:15     | Got an iridescent short sword
 38322 | D:15     | Identified the cursed short sword of Mybbig {venom, rPois} (You found it on level 15 of the Dungeon)
 38486 | D:15     | Received a gift from Trog
 38784 | D:16     | Noticed Roxanne
 39420 | D:16     | Reached skill level 1 in Armour
 39862 | D:16     | Lost mutation: Your muscles are flexible, but weak (Str -1, Dex +1).
 39862 | D:16     | Lost mutation: Your magical capacity is low (-10% MP).
 39862 | D:16     | Lost mutation: You passively map a small area around you.
 39863 | D:16     | Gained mutation: Your mind is acute (Int +1).
 39872 | D:16     | Received a gift from Trog
 40182 | D:16     | Reached skill level 22 in Dodging
 40559 | D:17     | Received a gift from Trog
 41040 | D:17     | Received a gift from Trog
 41317 | D:18     | Found Phitrax's Magic Scroll Boutique.
 41334 | D:18     | Bought a scroll of enchant weapon II for 99 gold pieces
 41334 | D:18     | Bought a scroll of enchant weapon I for 99 gold pieces
 41334 | D:18     | Bought a scroll of enchant weapon I for 99 gold pieces
 41334 | D:18     | Bought a scroll of identify for 36 gold pieces
 41334 | D:18     | Bought a scroll of identify for 36 gold pieces
 41334 | D:18     | Bought a scroll of enchant armour for 99 gold pieces
 41334 | D:18     | Bought a scroll of enchant weapon II for 99 gold pieces
 41334 | D:18     | Bought a scroll of acquirement for 936 gold pieces
 41334 | D:18     | Bought a scroll of recharging for 99 gold pieces
 41339 | D:18     | Got an ancient lajatang
 41357 | D:18     | Identified the -5,-4 lajatang of Daraliej (You acquired it on level 18 of the Dungeon)
 41941 | D:18     | Reached skill level 5 in Traps & Doors
 42310 | D:18     | Received a gift from Trog
 42690 | D:18     | Received a gift from Trog
 43015 | D:19     | Found a staircase to the Vaults.
 43259 | Vault:1  | Entered Level 1 of the Vaults
 43526 | Vault:1  | Reached XP level 16. HP: 79/79 MP: 22/26
 43543 | Vault:1  | Received a gift from Trog
 44912 | Vault:1  | Received a gift from Trog
 45099 | Vault:1  | Reached skill level 23 in Dodging
 45973 | D:19     | Found a blossoming altar of Fedhas.
 46529 | D:19     | Reached skill level 15 in Stealth
 46874 | D:19     | Received a gift from Trog
 46875 | D:19     | Got a smoking dagger {god gift}
 46877 | D:19     | Identified the dagger of Dabadghoi {god gift, vamp, +Lev MR} (Trog gifted it to you on level 19 of the Dungeon)
 47037 | D:19     | Found Yfa Grai's Antique Weapon Emporium.
 48005 | D:20     | Entered Level 20 of the Dungeon
 48327 | D:20     | Noticed Mennas
 48805 | Vault:2  | Reached skill level 15 in Short Blades
 49069 | Vault:2  | Noticed Frederick
 49149 | Vault:2  | Reached skill level 24 in Dodging
 49152 | Vault:2  | Slain by a large slime creature
